 Dungeon Crawl Stone Soup version 0.30-a0-723-gc1506a1cf0 (webtiles) character file.

Game seed: 16319622570283262240

77 PriceMaster the Magician (level 4, -2/31 HPs)
             Began as a Djinni Fire Elementalist on Jan 28, 2023.
             Slain by a scorpion (6 damage)
             ... on level 5 of the Dungeon.
             The game lasted 00:13:36 (2000 turns).

PriceMaster the Magician (Djinni Fire Elementalist) Turns: 2000, Time: 00:13:36

Health: -2/31      AC:  2    Str:  7    XL:     4   Next: 58%
Gold:   64         EV: 13    Int: 18    God:
                   SH:  0    Dex: 16

rFire   + + .      SeeInvis .    h - +4 short sword
rCold   x x .      Faith    .    (no shield)
rNeg    . . .      Spirit   .    u - +0 robe "Dool" {rC- Will+++ Dex+2 Slay-5}
rPois   ∞          Reflect  .    (no helmet)
rElec   .          Harm     .    (no cloak)
rCorr   .          Rampage  .    (no gloves)
Will    +++..                    (boots unavailable)
Stlth   ++                       (no amulet)
HPRegen 0.25/turn                (no ring)
MPRegen 0.00/turn                (no ring)

@: flying
A: sickness immunity, fire resistance 2, cold vulnerability 1, float, innate
caster, HP casting, extra vitality 1
a: no special abilities


You were on level 5 of the Dungeon.
You visited 1 branch of the dungeon, and saw 5 of its levels.

You collected 148 gold pieces.
You spent 84 gold pieces at shops.

Inventory:

Hand Weapons
 h - a +4 short sword (weapon)
 n - the +2 sling of Gugatiewk {heavy, rElec rPois Will+ Stlth-}
   (You found it on level 2 of the Dungeon)

   rElec:     It insulates you from electricity.
   rPois:     It protects you from poison.
   Will:      It increases your willpower.
   Stlth:     It makes you less stealthy.
Armour
 a - a +0 robe
 d - a +0 leather armour
 u - the +0 robe "Dool" (worn) {rC- Will+++ Dex+2 Slay-5}
   (You found it on level 3 of the Dungeon)

   Dex:       It affects your dexterity (+2).
   Slay:      It affects your accuracy & damage with ranged weapons and melee
   (-5).
   rC:        It makes you vulnerable to cold.
   Will:      It greatly increases your willpower.
Jewellery
 j - a ring of fire
 l - a +6 ring of intelligence
Wands
 q - a wand of flame (20)
Scrolls
 f - 2 scrolls of identify
 p - a scroll of enchant weapon
Potions
 b - a potion of magic
 c - 2 potions of curing {unknown}
 e - a potion of cancellation {unknown}
 i - a potion of flight {unknown}
 k - a potion of mutation {unknown}
 m - a potion of brilliance {unknown}
 o - a potion of resistance {unknown}
 s - a potion of haste {unknown}
 t - a potion of heal wounds {unknown}


   Skills:
 + Level 0.2 Short Blades
 + Level 2.6 Dodging
 + Level 2.0 Stealth
 * Level 3.5 Spellcasting


You couldn't memorise any spells.
You knew the following spells:

 Your Spells              Type           Power      Damage    Failure   Level
a - Foxfire               Conj/Fire      64%        2x1d7     3%          1
b - Scorch                Fire           32%        2d7       5%          2
c - Kindle Blastsparks    Fire/Tloc/Air  32%        2d12      11%         3
d - Inner Flame           Hex/Fire       16%        N/A       11%         3
e - Flame Wave            Conj/Fire      16%        2d7       34%         4
f - Summon Small Mammal   Summ           64%        N/A       3%          1
Your spell library was empty.

Dungeon Overview and Level Annotations

Branches:
Dungeon (5/15)
 Temple: D:4-7

Altars:

Shops:
D:2 ?

Annotations:
D:4 Valagong's ghost, amateur MiFi


Innate Abilities, Weirdness & Mutations

You are immune to sickness and miasma.
You are immune to poison.
Your flesh is very heat resistant. (rF++)
You are vulnerable to cold. (rC-)
You float through the air rather than walking.
You learn spells naturally, not from books.
Your magical power is your life essence.
You have superior vitality. (+4 MHP)


Message History

Valagong's ghost hits your rat!
Your rat dies!
Your rat's corpse disappears in a puff of smoke!
Casting: Summon Small Mammal (safe; 3% risk of failure)
Confirm with . or Enter, or press ? or * to list all spells.
* * * LOW HITPOINT WARNING * * *
Your magical contamination has completely faded away.
An endoplasm comes into view.
Your bat hits Valagong's ghost but does no damage.
Valagong's ghost says, "Try not to bleed too much."
Your bat barely misses Valagong's ghost.
Casting: Summon Small Mammal (safe; 3% risk of failure)
Confirm with . or Enter, or press ? or * to list all spells.
Okay, then.
As you read the scroll of teleportation, it crumbles to dust.
You feel strangely unstable.
Your bat hits Valagong's ghost but does no damage.
Valagong's ghost hits you.
* * * LOW HITPOINT WARNING * * *
Your bat hits Valagong's ghost but does no damage. x2
A jelly comes into view.
Your surroundings suddenly seem different.
An adder and an ufetubus come into view.
Found a scale mail.
Found an escape hatch in the floor.
The jelly moves out of view.
There is an escape hatch in the floor here.
The adder hisses angrily.
You fly downwards.
The hatch slams shut behind you.
Casting: Summon Small Mammal (safe; 3% risk of failure)
Confirm with . or Enter, or press ? or * to list all spells.
Okay, then.
The scorpion attacks as you move away! The scorpion misses you.
Casting: Summon Small Mammal (safe; 3% risk of failure)
Confirm with . or Enter, or press ? or * to list all spells.
Okay, then.
As you read the scroll of fog, it crumbles to dust.
The scroll dissolves into smoke.
The scorpion stings you.
* * * LOW HITPOINT WARNING * * *
The scorpion attacks as you move away! The scorpion stings you.
You die...

.... .. ... .. ..
..##. ... ....
.... #..# #....
#..# #.....
..###.§###§....
#.....§s§§§#
#.....§§@§§#
...###..###§.....
.. #..# ..... .
#..# .... ....
.#. ..##. # ...


You could see a scorpion.

Vanquished Creatures
  A gnoll (D:1)
  An adder (D:3)
  3 worms (D:3)
  A dart slug (D:3)
  An orc (D:3)
  2 bats
  5 endoplasms
  4 giant cockroaches
  5 goblins
  4 hobgoblins
  A quokka (D:1)
  4 ball pythons
  2 frilled lizards
  5 kobolds
  6 rats
45 creatures vanquished.

Vanquished Creatures (collateral kills)
  A kobold (D:1)
  A frilled lizard (D:1)
2 creatures vanquished.

Vanquished Creatures (others)
  63 foxfires
63 creatures vanquished.

Grand Total: 110 creatures vanquished

Notes
Turn   | Place    | Note
-------+----------+-------------------------------------------
     0 | D:1      | PriceMaster the Djinni Fire Elementalist began the quest
                  | for the Orb.
     0 | D:1      | PriceMaster set off with the following spells memorised:
                  | Foxfire, Scorch, Kindle Blastsparks, Inner Flame, Flame
                  | Wave.
     0 | D:1      | Reached XP level 1. HP: 15/15 MP: 0/0
    29 | D:1      | Reached XP level 2. HP: 18/21 MP: 0/0
   273 | D:1      | Reached XP level 3. HP: 23/25 MP: 0/0
   273 | D:1      | Learned a level 1 spell: Summon Small Mammal
   293 | D:1      | Reached skill level 3 in Spellcasting
   832 | D:2      | Identified the +2 sling of Gugatiewk {heavy, rElec rPois
                  | Will+ Stlth-}
   873 | D:2      | Found Noesm's Magic Scroll Shoppe.
   988 | D:2      | Bought a scroll of identify for 28 gold pieces
   988 | D:2      | Bought a scroll of identify for 28 gold pieces
   997 | D:2      | Bought a scroll of identify for 28 gold pieces
  1279 | D:3      | Reached XP level 4. HP: 22/31 MP: 0/0
  1764 | D:3      | Identified the +0 robe "Dool" {rC- Will+++ Dex+2 Slay-5}
  1951 | D:4      | Noticed Valagong's ghost (amateur MiFi)
  1951 | D:4      | Found a runed translucent door.
  1996 | D:5      | Entered Level 5 of the Dungeon
  1996 | D:5      | Noticed a scorpion
  2000 | D:5      | Slain by a scorpion

Illustrated notes

Levels and vault maps discovered:
D:1:      tarquinn_simple_flora_water_e, layout_rooms
D:2:      layout_rooms, serial_shops, nicolae_shop_waterfront
D:3:      layout_basic
D:4:      minmay_evil_eye, layout_rooms, hellmonk_ghost_happy_afterlife,
          saegor_snake_ambush, uniq_ijyb, uniq_robin, uniq_grinder
D:5:      layout_layer_cave, doesnt_xom_only_xom, palyth_stone_intersect

Skill      XL: |  1  2  3  4 |
---------------+-------------+-----
Spellcasting   | 3 |  3.5
Stealth        | 2 |  2.0
Short Blades   | |  0.2
Dodging        | |  2.6

Action                     |  1- 3 |  4- 6 || total
---------------------------+-------+-------++-------
  Melee: Spear             |    12 |       ||    12
         Unarmed           |     7 |       ||     7
         Short sword       |    11 |    13 ||    24
   Cast: Foxfire           |    30 |    18 ||    48
         Scorch            |     8 |     4 ||    12
         Summon Small Mamm |     5 |     4 ||     9
         Inner Flame       |     3 |     3 ||     6
         Kindle Blastspark |     2 |     2 ||     4
    Use: Scroll            |     5 |     3 ||     8
   Stab: Sleeping          |       |     1 ||     1
 Armour: Robe              |     8 |     2 ||    10
  Dodge: Dodged            |    27 |    12 ||    39

Table legend: (Time is in decaauts)
 A = Elapsed time spent in this place.
 B = Non-inter-level travel time spent in this place.
 C = Inter-level travel time spent in this place.
 D = Time resting spent in this place.
 E = Time spent auto-exploring this place.
 F = Levels seen in this place.
 G = Mean time per level.
                   A        B        C        D        E       F      G
               +--------+--------+--------+--------+--------+-----+--------+
         Total |   1999 |   1960 |     39 |    128 |   1241 |   5 |  399.8 |
       Dungeon |   1999 |   1960 |     39 |    128 |   1241 |   5 |  399.8 |
               +--------+--------+--------+--------+--------+-----+--------+

Top non-repeatable levels by time:
     D:3: 777 daAuts
     D:2: 615 daAuts
     D:1: 557 daAuts
     D:4: 44 daAuts
     D:5: 3 daAuts
